Foming, chaotic female elven Ranger ------------ |...)......| ---------- #-..........| |.....(..| ###|..........| |.#......| --------- # -|---------- |........| |.......| ### ##### |........| #.........# # # |........-#############|.>.....|% ### ### ---.------ |....*..|### ------------ # # # --------- # |.......<..|### ## ### ###|..........|# -----.--- # #...........|# |.%.....| ## |..........|# |%......| ---------|------ +...........# |..(....| |%.....%%%.X%... ------------ |...%...| |.........@....| |....%..| |..........f...| --------- ----+----------- Foming the Reconnoiteress Experience level: 10 Strength: 18 Dexterity: 18 Constitution: 16 Intelligence: 13 Wisdom: 16 Charisma: 7 Health: 0(80) Energy: 87(87) Def: 25 Gold: 8690 Moves: 32289 Dungeon seed: EmXZQq86ZvWCMger Game ID: Foming_1632160151 Your Inventory: Amulets I - an uncursed amulet of reflection (being worn) Weapons d - an uncursed +0 knife of fire (alternate weapon; not wielded) e - an uncursed +1 elven bow (weapon in hand) p - an uncursed +0 spear G - 43 blessed +2 elven arrows (in quiver) Q - 72 uncursed +0 arrows Armor b - an uncursed +2 elven cloak (being worn) n - an uncursed +0 dwarvish mithril-coat (being worn) y - an uncursed +0 pair of leather gloves (being worn) E - a blessed +2 pair of high boots (being worn) N - an uncursed +0 dwarvish iron helm (being worn) Y - an uncursed +0 dwarvish roundshield (being worn) Comestibles f - 3 uncursed lembas wafers B - an uncursed lichen corpse C - 2 uncursed female lizard corpses L - 2 uncursed food rations W - 3 uncursed male lizard corpses Spellbooks K - an uncursed spellbook of charging Potions J - an uncursed potion of see invisible Rings m - an uncursed ring of teleport control t - an uncursed ring of invisibility v - an uncursed +9 ring of protection V - an uncursed ring of levitation Wands a - an uncursed wand of fire (0:0) c - a cursed wand of magic missile (0:0) o - an uncursed wand of striking (0:2) s - an uncursed wand of teleportation (0:3) A - an uncursed wand of slow monster (0:4) H - an uncursed wand of sleep (0:1) O - an uncursed wand of secret door detection (0:10) S - an uncursed wand of fire (0:7) U - an uncursed wand of digging (0:5) Z - an uncursed wand of striking (0:7) Tools k - an uncursed skeleton key u - an uncursed +0 unicorn horn w - an uncursed magic whistle x - an uncursed +0 pick-axe F - an uncursed blindfold T - an uncursed towel Gems i - an uncursed flint stone q - an uncursed touchstone M - an uncursed luckstone Coins $ - 8690 gold pieces Spells and supernatural/magical abilities: Name Level Category Cost Memory a - force bolt 1 attack 1000pw 76% h - healing 1 healing 1000pw 66% j - jumping 1 escape 1000pw 72% l - light 1 divination 1000pw 85% s - slow monster 2 enchantment 2000pw 85% O - summoning 2 clerical 2000pw 87% S - stone to flesh 3 healing 3000pw 87% W - pray for help -- divine ? -- Your skills at the end: Fighting Skills wands [Basic] Weapon Skills dagger [Basic] knife [Skilled] spear [Skilled] bow [Skilled] Spellcasting Skills Final Attributes: You were piously aligned. You were cold resistant. You were immune to sleep. You were shock resistant. You were poison resistant. You saw invisible. You were telepathic. You had automatic searching. You had infravision. You were stealthy. You were protected. You had reflection. You were lucky. You had extra luck. Bad luck did not time out for you. Good luck did not time out for you. Mars was noncommittal. You are dead. Vanquished creatures: a baby gray dragon a nalfeshnee 2 vampires a ghost 2 giant mimics an ogre king a flesh golem 2 large mimics 2 couatls 2 stalkers a fire elemental 7 wargs 3 winter wolves 2 small mimics 2 warhorses 2 xans 3 ettin mummies an ogre lord 2 quantum mechanics 2 trolls 4 gelatinous cubes 2 large dogs 4 freezing spheres 2 flaming spheres 2 shocking spheres a large cat 2 tigers 5 tengu 2 ochre jellies a mountain centaur a stone giant 3 elf mummies 3 human mummies 2 pit vipers 3 pythons 2 carnivorous apes 4 ettin zombies a leather golem 2 soldiers 3 incubi 3 chameleons 2 crocodiles 2 giant beetles 7 cockatrices 7 wolves a winter wolf cub 2 lynxes 2 panthers 5 gremlins 2 spotted jellies 5 leprechauns 2 mumakil 6 giant spiders a scorpion a horse 3 ice vortices a black light 2 vampire bats 2 gnome kings 3 orc mummies 3 dwarf mummies 3 ogres 2 brown puddings 6 rust monsters 2 owlbears 5 yetis a gold golem a werewolf 7 lizards a dog a dingo a housecat 3 jaguars 4 dwarf lords 5 blue jellies 2 white unicorns a gray unicorn 3 dust vortices 4 ravens a plains centaur 2 gnome mummies 2 snakes 2 apes 3 human zombies 6 soldier ants 7 fire ants 2 imps 2 quasits 6 wood nymphs 3 water nymphs 2 mountain nymphs 7 Mordor orcs 3 orc shamans 6 rock piercers 2 rock moles 3 ponies 4 fog clouds 8 yellow lights 4 shriekers 3 violet fungi 19 gnome lords 12 gnomish wizards 2 kobold mummies a red naga hatchling 3 golden naga hatchlings 3 guardian naga hatchlings 5 gray oozes 2 barrow wights 9 elf zombies 3 ghouls 2 paper golems 2 baby crocodiles 5 giant ants 3 little dogs 9 floating eyes 4 kittens 25 dwarves 2 homunculi a kobold lord a kobold shaman 27 hill orcs 14 rothes 6 rabid rats a centipede 3 giant bats 3 monkeys 6 orc zombies 5 dwarf zombies 5 wererats 3 werejackals 12 iguanas 10 killer bees 9 acid blobs 2 coyotes 5 gas spores 11 hobbits 22 manes a large kobold 10 hobgoblins 26 giant rats 6 cave spiders 2 brown molds 4 yellow molds a green mold a red mold 58 gnomes 14 garter snakes 3 gnome zombies 14 geckos 20 jackals 4 foxes 3 kobolds 7 goblins 31 sewer rats 20 grid bugs 6 bats 9 lichens 5 kobold zombies 21 newts 804 creatures vanquished. Voluntary challenges: You used a wielded weapon 513 times, starting on turn 3678. You had been a pacifist until turn 3207. You read items or engraved 48 times, starting on turn 1372. You never genocided any monsters. You never polymorphed an object. You never changed form. You used no wishes. You never split a pudding. You wrote Elbereth's name 16 times, starting on turn 1372. You violated your moral code, losing 134 points of alignment, starting on turn 23106. Dungeon overview: The Dungeons of Doom: levels 1 to 15 Level 1 a long staircase Level 2 an altar to Mercury, a fountain Level 3 Level 4 a fountain stairs to The Gnomish Mines Level 5 a fountain Level 6 many fountains Level 7 stairs to Sokoban Level 8 a fountain Level 9 Level 10 a vault Level 11 Level 12 some fountains, a vault Level 13 a fountain Level 14 <- You were here a sink Level 15 The Gnomish Mines: levels 5 to 13 Level 5 stairs to The Dungeons of Doom Level 6 Level 7 some shops, a temple to Mercury, some fountains Level 8 Level 9 Level 10 Level 11 Level 12 Level 13 some fountains Sokoban: levels 3 to 6 Level 3 Solved Level 4 Solved Level 5 Solved Level 6 Solved stairs to The Dungeons of Doom History has recorded: On T:1 you entered the Dungeons of Doom to retrieve the Amulet of Yendor! On T:60 you reached level 2 of The Dungeons of Doom. On T:514 you reached level 3 of The Dungeons of Doom. On T:931 you reached level 4 of The Dungeons of Doom. On T:1371 you reached level 1 of The Gnomish Mines. On T:1863 you reached level 5 of The Dungeons of Doom. On T:2063 you reached level 2 of The Gnomish Mines. On T:2168 you reached level 3 of The Gnomish Mines. On T:3006 you reached level 4 of The Gnomish Mines. On T:3564 you advanced to experience level 2. On T:4533 you advanced to experience level 3. On T:4553 you reached level 6 of The Dungeons of Doom. On T:4998 you advanced to experience level 4. On T:5035 you reached level 7 of The Dungeons of Doom. On T:5108 you reached level 8 of The Dungeons of Doom. On T:5118 you reached level 9 of The Dungeons of Doom. On T:5206 you advanced to experience level 5. On T:5533 you reached level 4 of Sokoban. On T:6154 you reached level 3 of Sokoban. On T:6761 you advanced to experience level 6. On T:7319 you reached level 2 of Sokoban. On T:8096 you reached level 1 of Sokoban. On T:8459 you advanced to experience level 7. On T:10870 you reached level 10 of The Dungeons of Doom. On T:11915 you reached level 11 of The Dungeons of Doom. On T:12244 you advanced to experience level 8. On T:14549 you reached level 12 of The Dungeons of Doom. On T:14688 you reached level 13 of The Dungeons of Doom. On T:14931 you reached level 14 of The Dungeons of Doom. On T:15069 you advanced to experience level 9. On T:17758 you reached level 5 of The Gnomish Mines. On T:20121 you reached level 6 of The Gnomish Mines. On T:20654 you reached level 7 of The Gnomish Mines. On T:21394 you reached level 8 of The Gnomish Mines. On T:22994 you reached level 9 of The Gnomish Mines. On T:29002 you advanced to experience level 10. On T:32068 you reached level 15 of The Dungeons of Doom. Score breakdown: Gold: 8690 (13399 points) Experience: 10 levels (16712 points) Exploration: 15 levels ( 29.41%) (15874 points) Discoveries: 38 items ( 12.88%) (10767 points) Valuables value: (no points given unless you survive) Artifact value: 0 ( 0 points) Variety of kills: 159 monsters ( 41.84%) (19405 points) Turncount: 32289 turns (-4110 points) Survival: died (score multiplied by 80%) Total score: 57637 Latest messages: The arrow hits the housecat. The housecat misses. (3x) [2 turns] G - 48 blessed elven arrows (in quiver). You shoot 4 elven arrows. The 1st elven arrow hits the xorn! The 2nd elven arrow hits the xorn! The 3rd elven arrow hits the xorn! The 4th elven arrow hits the xorn! The housecat bites! The elven arrow hits the xorn! The xorn hits! (3x) The xorn bites! The housecat misses. (2x) You write in the dust with your fingers. The xorn hits! The xorn just misses! The xorn hits! The xorn misses. The housecat bites! The xorn hits! (3x) The xorn bites! You die... Final status: Goodbye Foming the Ranger, killed by a xorn... You died in The Dungeons of Doom on dungeon level 14 with 57637 points, and 8690 pieces of gold, after 32289 moves. You were level 10 with a maximum of 80 hit points when you died.